 Dungeon Sprint DCSS version 0.19.1 (webtiles) character file.

106376 equalderp2856 the Sabretooth (level 12, -19/60 HPs)
             Began as a Felid Fighter on Dec 15, 2016.
             Was an Initiate of Gozag.
             Killed from afar by an orb of fire (53 damage)
             ... with a fireball
             ... in the Dungeon (Sprint IX: "|||||||||||||||||||||||||||||").
             The game lasted 00:36:20 (12480 turns).

equalderp2856 the Sabretooth (Felid Fighter)       Turns: 12480, Time: 00:36:22

Health: -19/60     AC:  3    Str: 14    XL:     12   Next: 53%
Magic:  0/20       EV: 38    Int: 16    God:    Gozag
Gold:   5686       SH:  0    Dex: 17    Spells: 4 memorised, 11 levels left
                                        Lives:  0   Deaths: 4

rFire  . . .     SeeInvis +       - Unarmed
rCold  + . .     Gourm    .     (armour unavailable)
rNeg   . . .     Faith    .     (shield unavailable)
rPois  .         Spirit   +     (helmet unavailable)
rElec  .         Reflect  .     (cloak unavailable)
rCorr  .         Harm     .     (gloves unavailable)
MR     +....     NoTele   +     (boots unavailable)
Stlth  +++++++++.               J - amulet of Wukuv {Spirit +Blink Int+2}
                                D - +4 ring of evasion
                                m - +3 ring of intelligence

@: bribing [the Dungeon], quick
A: no armour, no weapons or thrown items, stealth, claws 1, fangs 3, see
invisible, carnivore 3, speed 1, shaggy fur 3, slow metabolism 1, sharp paws
a: Potion Petition, Call Merchant, Bribe Branch, Renounce Religion, Evoke Blink
}: 5/15 runes: decaying, serpentine, barnacled, silver, gossamer


You were in the Dungeon.
You worshipped Gozag.
Gozag was greatly pleased with you.
You were not hungry.

You visited 1 branch You collected 26562 gold pieces.
You spent 1402 gold pieces at shops.
You paid 19474 gold pieces to Gozag.

Inventory:

Jewellery
 m - a +3 ring of intelligence (left paw)
 n - a +2 ring of evasion
 u - an uncursed ring of fire
 v - an uncursed ring of fire
 w - an uncursed ring of poison resistance
 x - an uncursed ring of see invisible
 y - an uncursed ring of stealth
 z - an uncursed ring of stealth
 B - a +6 ring of dexterity
 C - an uncursed ring of wizardry
 D - a +4 ring of evasion (right paw)
 E - an uncursed ring of positive energy
 F - an uncursed amulet of regeneration
 H - the ring of Ziraics {rF+ Str+5 Dex-3 SInv}
   (You found it in the Dungeon)

   [ring of protection from fire]

   It affects your strength (+5).
   It affects your dexterity (-3).
   It protects you from fire.
   It lets you see invisible.
 I - a +6 ring of strength
 J - the amulet of Wukuv (around neck) {Spirit +Blink Int+2}
   (You found it in the Dungeon)

   [amulet of guardian spirit]

   It causes incoming damage to be split between your health and magic.
   It affects your intelligence (+2).
   It lets you blink.
 K - the ring of Lilacs {Str+3 Dex+7}
   (You found it in the Dungeon)

   [ring of strength]

   It affects your strength (+3).
   It affects your dexterity (+7).
 L - the ring of Secel {Ice +Fly rElec MR+}
   (You found it in the Dungeon)

   [ring of ice]

   It enhances your ice magic.
   It makes you vulnerable to fire.
   It protects you from cold.
   It insulates you from electricity.
   It affects your resistance to hostile enchantments.
   It lets you fly.
 M - the ring "Gicwavir" {rCorr *Contam rC- Dex+10}
   (You found it in the Dungeon)

   [ring of resist corrosion]

   It affects your dexterity (+10).
   It makes you vulnerable to cold.
   It causes magical contamination when unequipped.
 N - the amulet of Joy {+Rage rC+ Dex+4 Slay+2}
   (You found it in the Dungeon)

   [amulet of rage]

   It affects your dexterity (+4).
   It affects your accuracy and damage with ranged weapons and melee attacks
   (+2).
   It protects you from cold.
   It lets you go berserk.
Wands
 l - a wand of lightning (0/15)
 P - a wand of hasting (5/9)
Scrolls
 b - 7 scrolls of identify
 h - 2 scrolls of blinking
 j - 7 scrolls of remove curse
 k - 3 scrolls of amnesia
 p - 3 scrolls of recharging
 q - 4 scrolls of fear
 r - 2 scrolls of fog
Potions
 a - 4 potions of might
 c - 8 potions of curing
 d - 16 potions of heal wounds
 e - 6 potions of haste
 f - 4 potions of magic
 g - a potion of berserk rage
 i - a potion of invisibility
 o - 3 potions of resistance
 t - a potion of flight {unknown}
 G - 2 potions of brilliance
 O - a potion of agility
Books
 A - a book of Maledictions

   Spells                             Type                      Level
   a - Corona                         Hexes                        1
   b - Ensorcelled Hibernation        Hexes/Ice                    2
   c - Confuse                        Hexes                        3
   d - Tukima's Dance                 Hexes                        3
   e - Dazzling Spray                 Conjuration/Hexes            3
Comestibles
 s - 10 meat rations


   Skills:
 + Level 11.0 Fighting
 + Level 19.1 Dodging
 + Level 22.0 Stealth
 O Level 27 Unarmed Combat
 + Level 4.6 Spellcasting
 + Level 7.6 Hexes
 + Level 5.0 Ice Magic
 + Level 4.7 Evocations


You had 11 spell levels left.
You knew the following spells:

 Your Spells              Type           Power        Failure   Level  Hunger
a - Corona                Hex            ####...      1%          1    None
b - Confuse               Hex            ####....     1%          3    ###....
c - Tukima's Dance        Hex            ####....     1%          3    ###....
d - Ensorcelled Hibernat  Hex/Ice        ###...       1%          2    ##.....


Dungeon Overview and Level Annotations

Branches:
Dungeon (1/1)

Altars:
Cheibriados
Dithmenos
Elyvilon
Fedhas
Gozag
Hepliaklqana
Kikubaaqudgha
Makhleb
Nemelex Xobeh
Okawaru
Qazlal
Ru
Sif Muna
Trog
Uskayaw
Vehumet
Xom
Yredelemnul
Zin
The Shining One
Beogh
Jiyva
Lugonu

Shops:
D (}((:!==?

Annotations:
D Jory, Mennas


Innate Abilities, Weirdness & Mutations

You cannot wear armour.
You are incapable of wielding weapons or throwing items.
Your paws allow you to move quietly. (Stealth)
You have sharp claws.
You have razor-sharp teeth.
You have supernaturally acute eyesight. (SInv)
You are carnivorous and can eat meat at any time.
You cover ground quickly.
Your thick and shaggy fur keeps you warm. (AC +3, rC+)
You have a slow metabolism.
Your sharp claws are effective at attacking unaware monsters.


Message History

The yellow draconian misses your orb of fire.
Your orb of fire glows yellow.
The bolt of fire hits the yellow draconian.
The yellow draconian misses your orb of fire.
Your orb of fire is no longer covered in acid.
The yellow draconian barely misses your orb of fire.
Something misses your orb of fire.
Your orb of fire glows deep purple.
You are no longer corroded.
Press: ? - help, v - describe, . - travel An unnaturally hard rock wall.
There is an open door, spattered with blood here.
The orb of fire glows yellow.
The fireball explodes!
The fireball engulfs your orb of fire.
Your orb of fire completely resists.
The fireball engulfs the orb of fire.
The orb of fire completely resists.
The fireball engulfs you!
Ouch! That really hurt!
You die...
Your body crumbles into a pile of gold.

.▓.▓.▓N▓.▓.▓.▓.▓d▓.▓,*,*,*,*,*,*,
.▓.▓.▓.▓$▓.▓.▓A▓.▓.▓,*,*,*,*,*,*,
?▓.▓.▓.▓N▓.▓.▓p▓d▓.▓,*,*,*,*,*,*,
.▓.▓.▓.▓.▓.▓.▓.▓)▓.▓,*,*,*,*,*,*,
'▓.▓.▓.▓A▓.▓A▓.▓$▓.▓,*,*,*,*,*,*,
.▓.▓N▓.▓)▓.▓.▓.▓)▓.▓,*,*,*,*,*,*,
.▓.▓.▓.▓p▓.▓}▓.▓*▓.▓,*,*,*,*,*,*,
.▓.▓.▓.▓V▓.▓A▓.▓*▓)▓,*,*,*,*,*,*,
.▓.▓A▓.▓L▓.▓'▓.▓@▓.▓,*,*,*,*+*,*,
.▓.▓m▓.▓p▓.▓p▓.▓.▓)▓,*,*+*,*,*,*,
.▓.▓'▓.▓)▓.▓V▓.▓'▓.▓,*,*,*,*,*,*,
.▓.▓.▓.▓'▓.▓.▓.▓.▓.▓,*,*,*,*,*,*,
.▓.▓.▓.▓.▓.▓.▓.▓.▓.▓+*,*,*,*,*,*,
.▓.▓.▓.▓.▓.▓.▓.▓.▓.▓,*,*,*,*,*,*,
...▓...▓...▓...▓...▓,,,*,,,*,,,*,
▓▓▓▓▓▓▓▓▓▓▓▓▓▓▓▓▓▓▓▓*************


You could see a neutral orb of fire, a neutral red draconian and a friendly orb
of fire.

Vanquished Creatures
  A stone giant (D)
  2 very ugly things (D)
  A merfolk javelineer (D)
  A merfolk impaler (D)
  An ogre mage (D)
  Harold (D)
  Erolcha (D)
  A hydra (D)
  2 ice dragons (D)
  2 vault guards (D)
  A death knight (D)
  2 centaur warriors (D)
  2 merfolk aquamancers (D)
  A merfolk avatar (D)
  4 orc high priests (D)
  3 swamp dragons (D)
  A hill giant (shapeshifter) (D)
  2 hill giants (D)
  6 orc knights (D)
  A necromancer (D)
  4 ugly things (D)
  2 orc sorcerers (D)
  A manticore (shapeshifter) (D)
  2 wolf spiders (D)
  A cyclops (D)
  A black mamba (D)
  A tengu conjurer (D)
  Psyche (D)
  A vault sentinel (D)
  A spiny frog (D)
  A yaktaur (D)
  2 demonic crawlers (D)
  2 trolls (D)
  4 polar bears (D)
  A jumping spider (D)
  A two-headed ogre (D)
  3 blink frogs (D)
  A slime creature (D)
  A dream sheep (D)
  A basilisk (D)
  A vampire mosquito (D)
  2 swamp drakes (D)
  10 orc warriors (D)
  2 porcupines (D)
  A water moccasin (D)
  4 black bears (D)
  A wolf (shapeshifter) (D)
  4 crocodiles (D)
  A centaur (D)
  5 bullfrogs (D)
  A scorpion (D)
  2 crimson imps (D)
  A hound (D)
  3 orc priests (D)
  4 orc wizards (D)
  2 worker ants (D)
  An adder zombie (D)
  A leopard gecko (D)
  13 orcs (D)
  A bat zombie (D)
  A hobgoblin (D)
  A jackal (D)
  2 bats (D)
  A frilled lizard (D)
  A kobold (D)
  A leopard gecko simulacrum (D)
135 creatures vanquished.

Vanquished Creatures (collateral kills)
  Margery (D)
  2 golden dragons (D)
  An Orb Guardian (D)
  A draconian monk (D)
  2 shadow dragons (D)
  A storm dragon (D)
  2 ghost moths (D)
  5 emperor scorpions (D)
  Louise (D)
  A war gargoyle (D)
  A black draconian (D)
  A very ugly thing (D)
  A spark wasp (D)
  2 red draconians (D)
  A yellow draconian (D)
  3 naga warriors (D)
  An ettin (D)
  A death knight (D)
  A merfolk impaler (D)
  A deep elf high priest (D)
  11 vault guards (D)
  A great orb of eyes (D)
  2 ice dragons (D)
  A rakshasa (D)
  2 yaktaur captains (D)
  2 hydras (D)
  A ghost crab (D)
  A shock serpent (D)
  An ogre mage (D)
  A centaur warrior (D)
  A salamander mystic (D)
  4 hell knights (D)
  2 spriggan druids (D)
  A swamp dragon (D)
  An ironbrand convoker (D)
  A wolf spider (D)
  A manticore (D)
  2 moths of wrath (D)
  2 black mambas (D)
  A naga mage (D)
  A spiny frog (D)
  A yaktaur (D)
  A slime creature (D)
  A tyrant leech (D)
  A bog body (D)
  A redback (D)
  A tarantella (shapeshifter) (D)
  A vampire mosquito (D)
  2 nagas (D)
  A mottled dragon (D)
  A swamp drake (D)
81 creatures vanquished.

Vanquished Creatures (others)
  Mara (D)
  An ancient lich (D)
  Margery (D)
  2 golden dragons (D)
  Nikola (D)
  8 Orb Guardians (D)
  A quicksilver dragon (D)
  2 shadow dragons (D)
  6 nagarajas (D)
  A frost giant (D)
  2 fire giants (D)
  A draconian scorcher (D)
  Ilsuiw (D)
  An orc warlord (D)
  Aizul (D)
  3 vault wardens (D)
  A draconian shifter (D)
  A war gargoyle (D)
  2 entropy weavers (D)
  A green draconian (D)
  3 stone giants (D)
  An ettin (D)
  Nessos (D)
  A white draconian (D)
  3 purple draconians (D)
  A black draconian (D)
  A mottled draconian (D)
  2 merfolk javelineers (D)
  A merfolk impaler (D)
  A yaktaur captain (D)
  An ice dragon (shapeshifter) (D)
  3 great orbs of eyes (D)
  3 ice dragons (D)
  A rakshasa (D)
  12 vault guards (D)
  2 hydras (D)
  3 merfolk aquamancers (D)
  A death knight (D)
  A deep troll shaman (D)
  2 orc knights (D)
  A spriggan druid (D)
  A glowing orange brain (D)
  A hornet (D)
  2 ironbrand convokers (D)
  2 deep elf archers (D)
  2 necromancers (D)
  A manticore (D)
  A deep elf mage (D)
  A moth of wrath (D)
  2 wolf spiders (D)
  A siren (D)
  A guardian serpent (D)
  A torpor snail (D)
  A black mamba (shapeshifter) (D)
  3 naga magi (D)
  A vault sentinel (D)
  A yaktaur (D)
  A demonic crawler (D)
  3 merfolk (D)
  A bog body (D)
  A tarantella (D)
  A water elemental (D)
  2 redbacks (D)
  2 nagas (D)
  A boggart (D)
117 creatures vanquished.

Grand Total: 333 creatures vanquished

Notes
Turn   | Place    | Note
-------+----------+-------------------------------------------
     0 | D        | equalderp2856 the Felid Fighter began the quest for the Orb.
     0 | D        | Reached XP level 1. HP: 10/10 MP: 2/2
    16 | D        | Noticed a crimson imp
    16 | D        | Noticed a scorpion
    16 | D        | Noticed a hound
    25 | D        | Killed a crimson imp
    25 | D        | Reached skill level 5 in Dodging
    25 | D        | Reached skill level 1 in Stealth
    25 | D        | Reached skill level 6 in Unarmed Combat
    25 | D        | Reached XP level 2. HP: 11/15 MP: 3/3
    25 | D        | Reached XP level 3. HP: 13/18 MP: 4/4
    32 | D        | Killed a scorpion
    32 | D        | Reached skill level 7 in Unarmed Combat
    32 | D        | Reached XP level 4. HP: 17/22 MP: 5/5
    37 | D        | Reached skill level 5 in Fighting
    37 | D        | Reached skill level 8 in Unarmed Combat
   198 | D        | Found a roughly hewn altar of Beogh.
   198 | D        | Found a snail-covered altar of Cheibriados.
   198 | D        | Found a shadowy altar of Dithmenos.
   198 | D        | Found a white marble altar of Elyvilon.
   198 | D        | Found a blossoming altar of Fedhas.
   198 | D        | Found an opulent altar of Gozag.
   199 | D        | Found a hazy altar of Hepliaklqana.
   200 | D        | Found a viscous altar of Jiyva.
   201 | D        | Found an ancient bone altar of Kikubaaqudgha.
   202 | D        | Found a corrupted altar of Lugonu.
   203 | D        | Found a burning altar of Makhleb.
   204 | D        | Found a sparkling altar of Nemelex Xobeh.
   205 | D        | Found an iron altar of Okawaru.
   206 | D        | Found a stormy altar of Qazlal.
   208 | D        | Became a worshipper of Gozag Ym Sagoz the Greedy
   210 | D        | Found a sacrificial altar of Ru.
   211 | D        | Found a deep blue altar of Sif Muna.
   212 | D        | Found a bloodstained altar of Trog.
   213 | D        | Found a hide-covered altar of Uskayaw.
   214 | D        | Found a radiant altar of Vehumet.
   215 | D        | Found a shimmering altar of Xom.
   216 | D        | Found a basalt altar of Yredelemnul.
   217 | D        | Found a glowing silver altar of Zin.
   218 | D        | Found a glowing golden altar of the Shining One.
   245 | D        | Noticed a two-headed ogre
   250 | D        | HP: 1/23 [two-headed ogre/giant club (9)]
   466 | D        | Slain by a two-headed ogre
   467 | D        | Reached XP level 3. HP: -4/19 MP: 4/4
   544 | D        | Noticed a hill giant
   544 | D        | Noticed a troll
   544 | D        | Noticed a troll
   544 | D        | Noticed a hill giant
   549 | D        | Killed a hill giant
   549 | D        | Reached skill level 12 in Unarmed Combat
   549 | D        | Reached XP level 4. HP: 24/24 MP: 5/5
   549 | D        | Reached XP level 5. HP: 28/28 MP: 6/6
   549 | D        | Gained mutation: You are covered in thick fur. (AC +2) [Felid growth]
   549 | D        | Reached XP level 6. HP: 31/31 MP: 7/7
   549 | D        | Reached XP level 7. HP: 35/35 MP: 8/8
   557 | D        | Killed a troll
   801 | D        | Reached skill level 13 in Unarmed Combat
   802 | D        | Noticed a blink frog
   806 | D        | Reached skill level 10 in Dodging
   808 | D        | Reached XP level 8. HP: 38/40 MP: 9/9
  1349 | D        | Reached skill level 10 in Stealth
  1421 | D        | Killed a blink frog
  1421 | D        | Reached skill level 14 in Unarmed Combat
  1581 | D        | Noticed a blink frog
  1581 | D        | Noticed a black mamba
  1581 | D        | Noticed a dream sheep
  1581 | D        | Noticed a spiny frog
  1582 | D        | Noticed a blink frog
  1603 | D        | Killed a blink frog
  1787 | D        | Killed a troll
  1966 | D        | Killed a hill giant
  1966 | D        | Reached skill level 15 in Unarmed Combat
  1966 | D        | Reached XP level 9. HP: 39/44 MP: 10/10
  2248 | D        | Killed a black mamba
  2248 | D        | Reached skill level 16 in Unarmed Combat
  2576 | D        | Killed a spiny frog
  2883 | D        | Reached skill level 17 in Unarmed Combat
  2883 | D        | Reached XP level 10. HP: 49/49 MP: 11/11
  3209 | D        | Noticed Erolcha
  3221 | D        | Killed Erolcha
  3221 | D        | Reached skill level 18 in Unarmed Combat
  3238 | D        | Noticed Psyche
  3245 | D        | Killed Psyche
  3660 | D        | Noticed an orc knight
  3673 | D        | Killed an orc knight
  3673 | D        | Reached skill level 19 in Unarmed Combat
  3710 | D        | Noticed an orc sorcerer
  3920 | D        | Killed an orc sorcerer
  3920 | D        | Reached XP level 11. HP: 52/52 MP: 12/12
  4103 | D        | Found Fyfebizo's Weapon Emporium.
  4103 | D        | Noticed an orc sorcerer
  4103 | D        | Noticed an orc high priest
  4103 | D        | Noticed an orc knight
  4103 | D        | Noticed an orc knight
  4104 | D        | Noticed an orc knight
  4107 | D        | Killed an orc sorcerer
  4108 | D        | Noticed an orc knight
  4229 | D        | Killed an orc high priest
  4229 | D        | Reached skill level 15 in Dodging
  4229 | D        | Reached skill level 15 in Stealth
  4374 | D        | Killed an orc knight
  4690 | D        | Killed an orc knight
  4690 | D        | Reached skill level 20 in Unarmed Combat
  4818 | D        | Killed an orc knight
  5048 | D        | Killed an orc knight
  5052 | D        | Found Xayteiz's Gadget Shoppe.
  5056 | D        | Found Hyroaz's Antique Weapon Emporium.
  5060 | D        | Found Wouges's Weapon Shoppe.
  5062 | D        | Noticed an orc high priest
  5063 | D        | Noticed an orc knight
  5257 | D        | Killed an orc high priest
  5544 | D        | Killed an orc knight
  5621 | D        | Noticed an orc high priest
  5633 | D        | Killed an orc high priest
  5633 | D        | Reached skill level 21 in Unarmed Combat
  5636 | D        | Noticed an orc high priest
  5657 | D        | Killed an orc high priest
  5842 | D        | Noticed Harold
  5849 | D        | Killed Harold
  5945 | D        | Noticed an ogre mage
  5945 | D        | Noticed a death knight
  5946 | D        | Noticed a centaur warrior
  5954 | D        | Killed an ogre mage
  5956 | D        | Noticed a necromancer
  6127 | D        | Killed a death knight
  6127 | D        | Gained mutation: Your thick and shaggy fur keeps you warm. (AC +3, rC+) [Felid growth]
  6127 | D        | Reached XP level 12. HP: 30/58 MP: 13/13
  6175 | D        | Killed a centaur warrior
  6175 | D        | Reached skill level 22 in Unarmed Combat
  6390 | D        | Reached skill level 10 in Fighting
  6405 | D        | Noticed a cyan very ugly thing
  6459 | D        | Killed a cyan very ugly thing
  6459 | D        | Reached skill level 1 in Evocations
  6571 | D        | Noticed a stone giant
  6580 | D        | Killed a stone giant
  6582 | D        | Slain by a guardian serpent (shapeshifter)
  6583 | D        | Reached XP level 11. HP: -4/54 MP: 13/13
  6605 | D        | Reached skill level 23 in Unarmed Combat
  6975 | D        | Noticed Aizul
  7064 | D        | Noticed a nagaraja
  7064 | D        | Noticed a shock serpent
  7069 | D        | Noticed a salamander mystic
  7074 | D        | Killed a shock serpent
  7240 | D        | Noticed a merfolk impaler
  7241 | D        | Noticed a merfolk aquamancer
  7250 | D        | Killed a merfolk aquamancer
  7528 | D        | Noticed a spark wasp
  7528 | D        | Noticed a wolf spider
  7537 | D        | Killed a spark wasp
  7538 | D        | Killed a merfolk impaler
  7547 | D        | Noticed a wolf spider
  7549 | D        | Killed a wolf spider
  7552 | D        | Killed a wolf spider
  7593 | D        | Noticed a spriggan druid
  7594 | D        | Killed a spriggan druid
  7599 | D        | Killed a salamander mystic
  7605 | D        | Killed a spriggan druid
  7623 | D        | Noticed a spriggan druid
  7762 | D        | Noticed Nessos
  7849 | D        | Noticed an ogre mage
  7849 | D        | Noticed a great orb of eyes
  7849 | D        | Noticed an ettin
  7849 | D        | Noticed an ettin
  7849 | D        | Noticed a centaur warrior
  7850 | D        | Killed a centaur warrior
  7856 | D        | Killed an ettin
  7860 | D        | Killed a great orb of eyes
  7861 | D        | Killed an ogre mage
  7862 | D        | Killed a deep elf high priest
  7864 | D        | Killed a rakshasa
  7864 | D        | Reached XP level 12. HP: 58/58 MP: 15/15
  7870 | D        | Noticed a frost giant
  7882 | D        | Noticed a cyan very ugly thing
  7883 | D        | Noticed a cyan very ugly thing
  7888 | D        | Reached skill level 24 in Unarmed Combat
  7895 | D        | Killed a cyan very ugly thing
  7898 | D        | Your ally died
  7902 | D        | Killed Nessos
  8018 | D        | Noticed a rakshasa
  8033 | D        | Killed a green very ugly thing
  8058 | D        | Noticed an ice dragon
  8068 | D        | Killed an ice dragon
  8281 | D        | Noticed a death knight
  8281 | D        | Noticed an eight-headed hydra
  8282 | D        | Noticed a centaur warrior
  8320 | D        | Killed a death knight
  8514 | D        | Bought a scroll of magic mapping for 42 gold pieces
  8692 | D        | Bought an uncursed ring of stealth for 315 gold pieces
  8697 | D        | Bought an uncursed ring of stealth for 192 gold pieces
  8708 | D        | Bought a potion of heal wounds for 65 gold pieces
  8708 | D        | Bought a potion of curing for 39 gold pieces
  8708 | D        | Bought a potion of haste for 130 gold pieces
  8708 | D        | Bought a potion of haste for 130 gold pieces
  8708 | D        | Bought a potion of curing for 39 gold pieces
  8717 | D        | Bought a book of Maledictions for 450 gold pieces
  8721 | D        | Learned a level 1 spell: Corona
  8725 | D        | Learned a level 3 spell: Confuse
  8729 | D        | Learned a level 3 spell: Tukima's Dance
  8732 | D        | Learned a level 2 spell: Ensorcelled Hibernation
  8762 | D        | Noticed a great orb of eyes
  8767 | D        | a great orb of eyes changed into a hill giant
  8861 | D        | Killed a centaur warrior
  8994 | D        | Reached skill level 25 in Unarmed Combat
  9012 | D        | Reached skill level 1 in Hexes
  9049 | D        | Noticed an ice dragon
  9050 | D        | Noticed a vault warden
  9051 | D        | Noticed a yaktaur captain
  9055 | D        | Noticed an entropy weaver
  9057 | D        | Killed an ice dragon
  9077 | D        | Killed an entropy weaver
  9197 | D        | Noticed Jory
  9375 | D        | Noticed Mennas
  9451 | D        | Noticed a five-headed hydra
  9452 | D        | Noticed a ghost crab
  9453 | D        | Killed a five-headed hydra
  9453 | D        | Reached skill level 1 in Ice Magic
  9454 | D        | Noticed a four-headed hydra
  9461 | D        | Reached skill level 1 in Spellcasting
  9472 | D        | Noticed a seven-headed hydra
  9480 | D        | Noticed a five-headed hydra
  9486 | D        | Killed a four-headed hydra
  9487 | D        | Killed a seven-headed hydra
  9497 | D        | HP: 3/87 [ghost crab] (5)]
  9498 | D        | Engulfed by a ghost crab's spectral mist
  9499 | D        | Reached XP level 11. HP: -4/81 MP: 15/15
  9501 | D        | Killed a ghost crab
  9506 | D        | Killed a swamp dragon
  9535 | D        | Killed a five-headed hydra
  9541 | D        | Killed a five-headed hydra
  9545 | D        | Reached XP level 12. HP: 58/58 MP: 16/16
  9660 | D        | Got a decaying rune of Zot
  9782 | D        | Noticed a nagaraja
  9782 | D        | Noticed a naga warrior
  9783 | D        | Noticed a nagaraja
  9793 | D        | Killed a nagaraja
  9796 | D        | Killed a nagaraja
  9798 | D        | Noticed a nagaraja
  9799 | D        | Killed a naga warrior
  9801 | D        | Killed a nagaraja
  9802 | D        | Noticed a nagaraja
  9803 | D        | Noticed a naga warrior
  9806 | D        | Killed a nagaraja
  9809 | D        | Noticed a nagaraja
  9812 | D        | Killed a naga warrior
  9820 | D        | Noticed a naga warrior
  9826 | D        | Got a serpentine rune of Zot
  9890 | D        | Noticed a merfolk impaler
  9890 | D        | Noticed a merfolk javelineer
  9890 | D        | Noticed a merfolk aquamancer
  9890 | D        | Noticed a merfolk aquamancer
  9890 | D        | Noticed a merfolk aquamancer
  9890 | D        | Noticed a merfolk avatar
  9892 | D        | Noticed Ilsuiw
  9897 | D        | Killed a merfolk aquamancer
  9898 | D        | Killed a merfolk javelineer
  9899 | D        | Noticed a merfolk aquamancer
  9903 | D        | Killed a merfolk aquamancer
  9903 | D        | Killed a naga warrior
  9904 | D        | Noticed a merfolk javelineer
  9904 | D        | Killed a merfolk impaler
  9914 | D        | Killed a merfolk aquamancer
  9915 | D        | Noticed a merfolk aquamancer
  9915 | D        | Noticed a merfolk javelineer
  9918 | D        | Noticed a merfolk impaler
  9919 | D        | Killed a merfolk avatar
  9925 | D        | Killed a merfolk impaler
  9930 | D        | Got a barnacled rune of Zot
 10149 | D        | Noticed an emperor scorpion
 10149 | D        | Noticed a ghost moth
 10149 | D        | Noticed an emperor scorpion
 10149 | D        | Noticed an emperor scorpion
 10163 | D        | Killed Ilsuiw
 10169 | D        | Killed an emperor scorpion
 10172 | D        | Killed a ghost moth
 10172 | D        | Reached skill level 26 in Unarmed Combat
 10181 | D        | Killed an emperor scorpion
 10188 | D        | Noticed a ghost moth
 10305 | D        | Killed an emperor scorpion
 10315 | D        | Killed a ghost moth
 10324 | D        | Noticed an emperor scorpion
 10342 | D        | Reached skill level 5 in Hexes
 10348 | D        | Noticed an emperor scorpion
 10353 | D        | Killed an emperor scorpion
 10364 | D        | Killed an emperor scorpion
 10367 | D        | Got a gossamer rune of Zot
 10507 | D        | Noticed Nikola
 10531 | D        | Noticed Louise
 10549 | D        | Killed Louise
 10644 | D        | Noticed a vault guard
 10644 | D        | Noticed a vault guard
 10644 | D        | Noticed a vault guard
 10644 | D        | Noticed a vault guard
 10644 | D        | Noticed a vault guard
 10644 | D        | Noticed a vault guard
 10650 | D        | Killed a vault guard
 10658 | D        | Killed a vault guard
 10662 | D        | Killed a vault guard
 10662 | D        | Killed a vault guard
 10666 | D        | Noticed a vault guard
 10668 | D        | Noticed a vault guard
 10680 | D        | Killed a vault guard
 10684 | D        | Killed a vault guard
 10687 | D        | Noticed a vault guard
 10689 | D        | Killed a vault guard
 10692 | D        | Killed a vault guard
 10693 | D        | Noticed a vault guard
 10698 | D        | Killed a vault guard
 10713 | D        | Noticed a vault guard
 10714 | D        | Noticed a vault guard
 10715 | D        | Noticed a vault guard
 10716 | D        | Noticed a vault guard
 10717 | D        | Noticed a vault guard
 10718 | D        | Noticed a vault guard
 10723 | D        | Killed a vault guard
 10725 | D        | Noticed a vault guard
 10728 | D        | Killed a vault guard
 10730 | D        | Killed a vault guard
 10731 | D        | Killed a vault guard
 10732 | D        | Noticed a vault guard
 10734 | D        | Killed a vault guard
 10743 | D        | Killed a vault guard
 10751 | D        | Noticed a vault guard
 10752 | D        | Noticed a vault guard
 10753 | D        | Noticed a vault guard
 10754 | D        | Noticed a vault guard
 10762 | D        | Killed a vault guard
 10765 | D        | Killed a vault guard
 10787 | D        | Noticed an orc warlord
 10787 | D        | Noticed a war gargoyle
 10787 | D        | Noticed a stone giant
 10802 | D        | Noticed a vault warden
 10803 | D        | Killed a vault warden
 10804 | D        | Noticed an entropy weaver
 10807 | D        | Killed an entropy weaver
 10808 | D        | Killed a stone giant
 10809 | D        | Noticed a vault warden
 10815 | D        | Noticed a shadow dragon
 10816 | D        | Noticed a satyr
 10818 | D        | Killed a vault warden
 10819 | D        | Noticed an ice dragon
 10819 | D        | a satyr changed into an ice dragon
 10825 | D        | Killed a shadow dragon
 10829 | D        | Killed an ice dragon
 10831 | D        | Noticed a shadow dragon
 10833 | D        | Noticed a war gargoyle
 10833 | D        | Killed a vault guard
 10835 | D        | Killed a shadow dragon
 10839 | D        | Killed a vault guard
 10840 | D        | Killed a war gargoyle
 10841 | D        | Killed a vault guard
 10847 | D        | Killed a vault guard
 10860 | D        | Killed an orc warlord
 10865 | D        | Killed a vault guard
 10866 | D        | Killed a vault guard
 10866 | D        | Killed a vault guard
 10892 | D        | Noticed a death knight
 10952 | D        | Noticed a shadow dragon
 10952 | D        | Noticed a vault warden
 10952 | D        | Noticed a stone giant
 10952 | D        | Noticed a shadow dragon
 10953 | D        | Noticed a shadow dragon
 10962 | D        | Your ally died
 10969 | D        | Killed a shadow dragon
 10972 | D        | Killed a vault warden
 10979 | D        | Noticed an ancient lich
 10983 | D        | Noticed a shadow dragon
 10992 | D        | Banished a shadow dragon
 10992 | D        | Reached XP level 13. HP: 62/62 MP: 19/19
 10996 | D        | Banished a shadow dragon
 11005 | D        | Killed a shadow dragon
 11005 | D        | Reached skill level 27 in Unarmed Combat
 11013 | D        | Got a crude silver ring
 11017 | D        | Got a silver rune of Zot
 11266 | D        | Got the amulet of Wukuv {Spirit +Blink Int+2}
 11268 | D        | Got the ring of Lilacs {Str+3 Dex+7}
 11270 | D        | Got the ring of Secel {Ice +Fly rElec MR+}
 11272 | D        | Got the ring "Gicwavir" {rCorr *Contam rC- Dex+10}
 11274 | D        | Got the amulet of Joy {+Rage rC+ Dex+4 Slay+2}
 11514 | D        | Identified the ring of Ziraics {rF+ Str+5 Dex-3 SInv} (You found it in the Dungeon)
 11563 | D        | Noticed Mara
 11567 | D        | Noticed Margery
 11595 | D        | Noticed a fire giant
 11595 | D        | Noticed a fire giant
 11615 | D        | Noticed a stone giant
 11637 | D        | Noticed a purple draconian
 11637 | D        | Noticed a golden dragon
 11637 | D        | Noticed a storm dragon
 11637 | D        | Noticed a golden dragon
 11645 | D        | Killed a golden dragon
 11650 | D        | Killed a stone giant
 11650 | D        | Killed a fire giant
 11655 | D        | Killed a storm dragon
 11660 | D        | Noticed a golden dragon
 11676 | D        | Killed a golden dragon
 11680 | D        | Killed a golden dragon
 11682 | D        | Noticed a black draconian
 11682 | D        | Killed from afar by Margery
 11683 | D        | Reached XP level 12. HP: -13/59 MP: 0/19
 11683 | D        | Your ally died
 11684 | D        | Killed Margery
 11687 | D        | Killed a yaktaur captain
 11707 | D        | Killed a red draconian
 11714 | D        | Killed a death knight
 11718 | D        | Your ally died
 11718 | D        | Killed an ice dragon
 11724 | D        | Killed an ice dragon
 11755 | D        | Noticed a green draconian monk
 11755 | D        | Noticed a red draconian scorcher
 11755 | D        | Noticed an orb of fire
 11755 | D        | Noticed a Killer Klown
 11755 | D        | Noticed a golden dragon
 11758 | D        | Killed a green draconian
 11765 | D        | Killed a purple draconian
 11769 | D        | Killed a quicksilver dragon
 11808 | D        | Killed a red draconian scorcher
 11870 | D        | Noticed an Orb Guardian
 11870 | D        | Noticed an Orb Guardian
 11870 | D        | Noticed an Orb Guardian
 11870 | D        | Noticed an Orb Guardian
 11870 | D        | Noticed an Orb Guardian
 11870 | D        | Noticed an Orb Guardian
 11871 | D        | Killed an Orb Guardian
 11876 | D        | Killed an Orb Guardian
 11883 | D        | Killed an Orb Guardian
 11891 | D        | Killed an Orb Guardian
 11895 | D        | Killed an Orb Guardian
 11902 | D        | Killed an Orb Guardian
 11920 | D        | Killed a golden dragon
 11959 | D        | Noticed an Orb Guardian
 12045 | D        | Noticed a black draconian shifter
 12045 | D        | Noticed a red draconian
 12045 | D        | Noticed a yellow draconian
 12045 | D        | Noticed a black draconian
 12045 | D        | Noticed an orb of fire
 12045 | D        | Noticed a red draconian
 12047 | D        | Noticed a mottled draconian
 12054 | D        | Killed a green draconian monk
 12054 | D        | Killed a white draconian
 12054 | D        | Reached skill level 5 in Ice Magic
 12055 | D        | Killed a purple draconian
 12085 | D        | Killed a red draconian
 12246 | D        | Killed a black draconian
 12439 | D        | Killed a yellow draconian
 12480 | D        | Killed from afar by an orb of fire

Skill      XL: |  1  2  3  4  5  6  7  8  9 10 11 12 13 |
---------------+----------------------------------------+-----
Fighting       | 4 6 5 7 8 9 11 | 11.0
Dodging        | 5 9 10 11 13 14 16 19 | 19.1
Stealth        | 1 7 2 9 12 14 18 22 21 | 22.0
Unarmed Combat | 6 12 8 13 15 17 19 23 26 27 | 27.0
Evocations     | 3 4 |  4.7
Hexes          | 3 7 6 |  7.6
Ice Magic      | 5 4 |  5.0
Spellcasting   | 3 4 |  4.6

Action                   |  1- 3 |  4- 6 |  7- 9 | 10-12 | 13-15 || total
-------------------------+-------+-------+-------+-------+-------++-------
Melee: Unarmed           |    24 |     8 |   131 |   411 |       ||   574
       Bite              |     2 |     1 |    12 |    70 |       ||    85
       Punch             |       |       |     5 |    36 |       ||    41
 Cast: Ensorcelled Hiber |       |       |       |     3 |       ||     3
Invok: Bribe Branch      |       |       |       |     5 |       ||     5
       Call Merchant     |       |       |       |     5 |       ||     5
       Potion Petition   |       |       |       |     3 |       ||     3
Evoke: Wand              |       |       |       |     7 |       ||     7
  Use: Potion            |       |       |     3 |     6 |       ||     9
       Scroll            |       |       |       |     4 |     2 ||     6
 Stab: Sleeping          |     2 |     2 |     2 |     6 |       ||    12
       Distracted        |       |       |     1 |     8 |       ||     9
       Invisible         |       |       |       |     2 |       ||     2
  Eat: Meat ration       |       |       |     1 |     2 |       ||     3
Armor: Skin              |     2 |       |     2 |       |       ||     4
Dodge: Dodged            |    19 |     4 |   120 |   285 |     3 ||   431
